 Dungeon Crawl Stone Soup version 0.17-a0-1954-g0dddeaa (webtiles) character file.

507 Ordine the Cruncher (level 6, -2/50 HPs)
             Began as a Minotaur Gladiator on Oct 4, 2015.
             Was an Initiate of Okawaru.
             Killed from afar by Blork the orc (8 damage)
             ... with a puff of flame
             ... on level 5 of the Dungeon.
             The game lasted 00:12:36 (3534 turns).

Ordine the Cruncher (Minotaur Gladiator)            Turns: 3534, Time: 00:12:36

Health: -2/50      AC:  5    Str: 20    XL:     6   Next: 97%
Magic:  5/5        EV: 12    Int:  8    God:    Okawaru [......]
Gold:   246        SH:  0    Dex: 12    Spells: 0 memorised, 5 levels left

rFire  . . .     SeeInvis .     a - +1 quarterstaff
rCold  . . .     Clarity  +     b - +1 leather armour
rNeg   . . .     SustAt   .     (no shield)
rPois  .         Gourm    .     c - +0 hat
rElec  .         Spirit   .     (no cloak)
rCorr  .         Warding  .     (no gloves)
rMut   .         Stasis   .     n - +0 pair of boots
MR     .....                    q - amulet of clarity
Stlth  +.........               (no ring)
                                l - +3 ring of intelligence

@: not resistant to hostile enchantments, very unstealthy
A: retaliatory headbutt, horns 2
a: Renounce Religion


You were on level 5 of the Dungeon.
You worshipped Okawaru.
Okawaru was noncommittal.
You were not hungry.

You visited 2 branches of the dungeon, and saw 6 of its levels.

You collected 246 gold pieces.

Inventory:

Hand weapons
 a - a +1 quarterstaff (weapon)
Missiles
 d - 2 throwing nets (quivered)
Armour
 b - a +1 leather armour (worn)
 c - a +0 hat (worn)
 n - a +0 pair of boots (worn)
Jewellery
 l - a +3 ring of intelligence (left hand)
 q - an amulet of clarity (around neck)
 s - an uncursed ring of teleportation
Magical devices
 t - a wand of polymorph (7)
 x - a wand of disintegration (8)
Scrolls
 g - a scroll of amnesia
 h - 3 scrolls of remove curse
Potions
 f - 2 potions of heal wounds {unknown}
 j - 2 potions of poison {unknown}
 k - 2 potions of degeneration {unknown}
 o - a potion of agility {unknown}
 p - a potion of invisibility {unknown}
 A - a potion of lignification {unknown}
Books
 m - a book of Annihilations

   Spells                             Type                      Level
   a - Poison Arrow                   Conjuration/Poison           6
   b - Chain Lightning                Conjuration/Air              8
   c - Lehudib's Crystal Spear        Conjuration/Earth            8
   d - Glaciate                       Conjuration/Ice              9
   e - Fire Storm                     Conjuration/Fire             9
Comestibles
 e - 4 bread rations
 i - a beef jerky
 r - 5 fruits
 u - 4 meat rations
 v - a slice of pizza
 z - 3 chunks of flesh


   Skills:
 - Level 2.4 Fighting
 + Level 9.5 Staves
 - Level 2.0 Throwing
 - Level 3.2 Dodging


You had 5 spell levels left.
You didn't know any spells.

Dungeon Overview and Level Annotations

Branches:
Dungeon (5/15)             Temple (1/1) D:4

Altars:
Cheibriados
Dithmenos
Fedhas
Gozag
Kikubaaqudgha
Makhleb
Nemelex Xobeh
Okawaru
Qazlal
Ru
Sif Muna
Vehumet
Xom
Zin
The Shining One

Annotations:
D:5 Blork the orc


Innate Abilities, Weirdness & Mutations

You reflexively headbutt those who attack you in melee.
You have a pair of horns on your head.


Message History

You feel better.
You hit something.
You hear some strange, mumbled words.
A puff of flame appears from out of thin air!
The puff of flame hits you!
* * * LOW HITPOINT WARNING * * *
Something hits you.
* * * LOW HITPOINT WARNING * * *
You hit something.
You hear some strange, mumbled words.
A puff of frost appears from out of thin air!
The puff of frost misses you.
Drink which item? (? for menu, Esc to quit)
You feel better. Something barely misses you. Something hits you.
* * * LOW HITPOINT WARNING * * *
You hear some strange, mumbled words.
A puff of flame appears from out of thin air!
The puff of flame hits you!
You die...

........#># #####.
........#.# ......
+#+######.# ######
#....# ##### #.###....#
)...# #...'....# ###.#
#.#.###....# ###.#
#.....'....# .<..#
#.(.###..@.########
##..#
#..........#......#
##..##. ........###....#
##..... ...#...........#
##.......# #.###.##....#
...#.###.........##....#
####.......#.#######..(#
.............#.........+
########.##.##.####....#


There were no monsters in sight!

Vanquished Creatures
  Edmund (D:5)
  The ghost of Hanibal the Magician, an average DEFE (D:3)
  A jelly (D:5)
  Terence (D:3)
  Natasha (thrice) (D:3)
  2 hound skeletons (D:4)
  6 adders
  2 oozes
  3 worms
  4 giant geckos
  2 orcs
  2 ball pythons
  6 goblins
  12 hobgoblins
  11 jackals (D:2)
  9 kobolds
  A ball python skeleton (D:4)
  8 bats
  8 giant cockroaches
  7 giant newts
  A jackal skeleton (D:4)
  22 rats
113 creatures vanquished.

Notes
Turn   | Place    | Note
--------------------------------------------------------------
     0 | D:1      | Ordine the Minotaur Gladiator began the quest for the Orb.
     0 | D:1      | Reached XP level 1. HP: 18/18 MP: 0/0
    72 | D:1      | Reached skill level 4 in Staves
   106 | D:1      | Reached XP level 2. HP: 25/25 MP: 1/1
   311 | D:1      | Reached skill level 5 in Staves
   477 | D:1      | Reached XP level 3. HP: 27/30 MP: 2/2
   827 | D:2      | Reached skill level 6 in Staves
   827 | D:2      | Reached XP level 4. HP: 13/37 MP: 3/3
   991 | D:2      | Found a sacrificial altar of Ru.
  1623 | D:3      | Noticed Terence
  1634 | D:3      | Killed Terence
  1634 | D:3      | Reached XP level 5. HP: 35/42 MP: 4/4
  1715 | D:3      | Reached skill level 7 in Staves
  1784 | D:3      | Noticed Natasha
  1788 | D:3      | Killed Natasha
  1850 | D:3      | Noticed Hanibal's ghost (average DEFE)
  1863 | D:3      | Killed Hanibal's ghost
  1863 | D:3      | Reached skill level 8 in Staves
  1863 | D:3      | Reached XP level 6. HP: 14/50 MP: 5/5
  2360 | D:4      | Found a staircase to the Ecumenical Temple.
  2422 | Temple   | Entered the Ecumenical Temple
  2529 | Temple   | Became a worshipper of Warmaster Okawaru
  2789 | D:4      | Found a glowing silver altar of Zin.
  2789 | D:4      | Noticed an angel
  2805 | D:4      | Found a blossoming altar of Fedhas.
  2828 | D:4      | Found a stormy altar of Qazlal.
  2844 | D:5      | Entered Level 5 of the Dungeon
  3094 | D:3      | Noticed Natasha
  3101 | D:3      | Killed Natasha
  3175 | D:3      | Noticed Natasha
  3179 | D:3      | Killed Natasha
  3314 | D:5      | Noticed Edmund
  3323 | D:5      | Killed Edmund
  3323 | D:5      | Reached skill level 9 in Staves
  3505 | D:5      | Noticed Blork the orc
  3530 | D:5      | HP: 1/50 [something (4)]
  3534 | D:5      | Killed from afar by Blork the orc

Vault maps used:
D:1:      erik_arrival_orb_chamber
D:2:      nicolae_ru_sacrificial_ziggurat
D:3:      kennysheep_big_flooded_room, first_bread, kennysheep_pointless_box,
          uniq_terence, uniq_natasha
D:4:      nicolae_qazlal_eye_of_the_storm, fedhas_altar_1, zin_angel,
          temple_pool_b, cheibriados_altar_wand_db
D:5:      uniq_prince_ribbit1, uniq_eustachio, uniq_pikel, uniq_edmund,
          uniq_blork_the_orc
Temple:   dpeg_five_rooms_temple_12

Action                   |  1- 3 |  4- 6 || total
-------------------------+-------+-------++-------
Melee: Quarterstaff      |    78 |   132 ||   210
       Unarmed           |       |     7 ||     7
Throw: Throwing net      |       |     1 ||     1
  Use: Scroll            |     3 |     6 ||     9
       Potion            |       |     4 ||     4
 Stab: Sleeping          |       |     1 ||     1
  Eat: Chunk             |       |     7 ||     7
       Beef jerky        |       |     1 ||     1
